 Dungeon Crawl Stone Soup version 0.30.1-3-gfc49f6343a (webtiles) character file.

Game seed: 13722150982755088566

128 zeram the Chopper (level 5, -2/46 HPs)
             Began as a Hill Orc Fighter on July 24, 2023.
             Slain by a gnoll
             ... wielding a +0 spear
              (5 damage)
             ... on level 3 of the Dungeon.
             The game lasted 00:02:21 (1753 turns).

zeram the Chopper (Hill Orc Fighter)                Turns: 1753, Time: 00:02:22

Health: -2/46      AC:  7    Str: 21    XL:     5   Next: 11%
Magic:  14/14      EV:  9    Int:  8    God:
Gold:   95         SH:  4    Dex: 10    Spells: 4/4 levels left

rFire   . . .        a - +0 war axe
rCold   . . .        c - +0 buckler
rNeg    . . .        b - +0 scale mail
rPois   .            (no helmet)
rElec   .            (no cloak)
rCorr   .            (no gloves)
SInv    .            (no boots)
Will    .....        (no amulet) Stlth
                     g - ring of magical power
HPRegen 0.27/turn    (no ring)
MPRegen 0.14/turn

%: no passive effects
@: hasted, very quick
A: no striking features
a: no special abilities


You were on level 3 of the Dungeon.
You visited 1 branch of the dungeon, and saw 3 of its levels.

You collected 95 gold pieces.

Inventory:

Hand Weapons
 a - a +0 war axe (weapon)
Armour
 b - a +0 scale mail (worn)
 c - a +0 buckler (worn)
Jewellery
 g - a ring of magical power (left hand)
Scrolls
 i - 4 scrolls of teleportation
 j - a scroll of fog
Potions
 d - a potion of might
 f - 2 potions of mutation
 h - 3 potions of curing
 m - a potion of attraction
 n - a potion of brilliance {unknown}


   Skills:
 + Level 4.1 Fighting
 + Level 4.8 Axes
 + Level 4.3 Armour
 + Level 0.3 Dodging
 + Level 3.7 Shields


You had 4 spell levels left.
You didn't know any spells.
Your spell library contained the following spells:

 Spells                   Type           Power      Damage    Failure   Level
 Slow                     Hex            0%         N/A       80%         1
 Confusing Touch          Hex            0%         N/A       99%         3
 Vampiric Draining        Necr           0%         2d6       99%         3


Dungeon Overview and Level Annotations

Branches:
Dungeon (3/15)

Altars:


Message History

You are too injured to fight recklessly!
You are too injured to fight recklessly!
You are too injured to fight recklessly!
You are too injured to fight recklessly!
You are too injured to fight recklessly!
You are too injured to fight recklessly!
You are too injured to fight recklessly!
You are too injured to fight recklessly!
You are too injured to fight recklessly!
You are too injured to fight recklessly!
You are too injured to fight recklessly!
You are too injured to fight recklessly!
You are too injured to fight recklessly!
You are too injured to fight recklessly!
You are too injured to fight recklessly!
You are too injured to fight recklessly!
Unknown command.
You are too injured to fight recklessly!
You barely miss the gnoll. The gnoll closely misses you.
The gnoll hits you with a +0 spear.
You barely miss the gnoll. You block the gnoll's attack.
The gnoll hits you with a +0 spear.
* * * LOW HITPOINT WARNING * * *
The gnoll barely misses you.
The gnoll hits you from afar with a +0 halberd.
* * * LOW HITPOINT WARNING * * *
You completely miss the gnoll. You block the gnoll's attack.
The gnoll barely misses you.
You slash the gnoll!
The gnoll is severely wounded.
You block the gnoll's attack. x2
Unknown command.
You feel better. The gnoll hits you but does no damage.
The gnoll hits you with a +0 spear.
* * * LOW HITPOINT WARNING * * *
You feel yourself speed up. The gnoll barely misses you.
The gnoll hits you with a +0 spear.
* * * LOW HITPOINT WARNING * * *
The gnoll hits you from afar with a +0 spear.
You die...

##.#...#
####..#
##.#
####..#
##.#..##
#.....#
##....#
##..####
#.)@#
#...#.#
#####g#
#g# #.#
#.# #.#
..# ###


You could see 2 gnolls.

Vanquished Creatures
  Jessica (D:2)
  An orc wizard (D:2)
  2 gnolls
  An adder (D:2)
  A dart slug (D:1)
  2 orcs (D:2)
  6 ball pythons
  4 bats (D:2)
  4 endoplasms
  A giant cockroach (D:1)
  5 goblins
  3 hobgoblins
  6 jackals
  A quokka (D:1)
  3 frilled lizards
  3 kobolds
  A rat (D:1)
45 creatures vanquished.

Notes
Turn   | Place    | Note
-------+----------+-------------------------------------------
     0 | D:1      | zeram the Hill Orc Fighter began the quest for the Orb.
     0 | D:1      | Reached XP level 1. HP: 19/19 MP: 1/1
   168 | D:1      | Reached XP level 2. HP: 24/27 MP: 2/2
   342 | D:1      | Reached XP level 3. HP: 33/33 MP: 3/3
   908 | D:2      | Noticed Jessica
   914 | D:2      | Killed Jessica
   915 | D:2      | Reached XP level 4. HP: 37/40 MP: 4/4
  1343 | D:2      | Found a faded altar of an unknown god.
  1448 | D:2      | Reached XP level 5. HP: 46/46 MP: 5/5
  1752 | D:3      | HP: 2/46 [gnoll/+0 spear (4)]
  1753 | D:3      | Slain by a gnoll

Illustrated notes

Levels and vault maps discovered:
D:1:      lightli_arrival_noodles, layout_loops_ring, st_stairs_1
D:2:      layout_loops_ring, nicolae_ecumenical_lake_church,
          minmay_tetromino_l2, uniq_jessica
D:3:      layout_loops_cross, minmay_fractal_squares_gapless_5

Skill      XL: |  1  2  3 |
---------------+----------+-----
Axes           | 3 4 |  4.8
Fighting       | 4 |  4.1
Armour         | 4 |  4.3
Dodging        | |  0.3
Shields        | |  3.7

Action                     |  1- 3 |  4- 6 || total
---------------------------+-------+-------++-------
  Melee: War axe           |    80 |    80 ||   160
    Use: Scroll            |     3 |     6 ||     9
         Potion            |       |     2 ||     2
 Armour: Scale mail        |    51 |    48 ||    99
  Dodge: Dodged            |    46 |    23 ||    69
  Block: Buckler           |    18 |    17 ||    35
